 Dungeon Crawl Stone Soup version 0.17-a0-1575-g9a29ec8 (webtiles) character file.

140870 karlkraus the Hoplite (level 16, -4/146 HPs)
             Began as a Minotaur Fighter on July 26, 2015.
             Was the Champion of Qazlal.
             Slain by a lajatang of venom (14 damage)
             ... on level 2 of the Elven Halls.
             The game lasted 02:24:29 (25427 turns).

karlkraus the Hoplite (Minotaur Fighter)           Turns: 25427, Time: 02:24:29

Health: -4/146     AC: 55    Str: 31    XL:     16   Next: 76%
Magic:  16/16      EV: 12    Int:  7    God:    Qazlal [******]
Gold:   1007       SH: 27    Dex: 11    Spells: 0 memorised, 15 levels left

rFire  . . .     SeeInvis +     C - +5 flail (protect)
rCold  . . .     Clarity  .     B - +14 plate armour of the Last Curses {Int+2}
rNeg   + + +     SustAt   .     c - +2 shield
rPois  +         Gourm    .     x - +2 hat
rElec  .         Spirit   .     s - +2 cloak {rPois}
rCorr  .         Warding  .     I - +2 pair of gloves
rMut   .         Stasis   .     o - +2 pair of boots
MR     +....                    m - amulet of faith
Stlth  ..........               K - ring of Qorhal {rN+++ Str+4 Slay+3 SInv Stlth-}
                                P - +5 ring of protection

@: lethally poisoned (-4 -> -4), protected from physical damage, repel missiles,
somewhat resistant to hostile enchantments, extremely unstealthy
A: retaliatory headbutt, horns 2
a: Upheaval, Elemental Force, Disaster Area, Renounce Religion


You were on level 2 of the Elven Halls.
You worshipped Qazlal.
Qazlal was exalted by your worship.
You were not hungry.

You visited 5 branches of the dungeon, and saw 28 of its levels.

You collected 2906 gold pieces.
You spent 1899 gold pieces at shops.

Inventory:

Hand weapons
 l - a +1 executioner's axe of flaming
 C - a +5 flail of protection (weapon)
Armour
 c - a +2 shield (worn)
 o - a +2 pair of boots (worn)
 s - a +2 cloak of poison resistance (worn)
 x - a +2 hat (worn)
 B - the +14 plate armour of the Last Curses (worn) {Int+2}
   (You acquired it on level 2 of the Orcish Mines)

   It affects your intelligence (+2).
 I - a +2 pair of gloves (worn)
Jewellery
 m - an amulet of faith (around neck)
 y - an uncursed amulet of warding
 K - the ring of Qorhal (right hand) {rN+++ Str+4 Slay+3 SInv Stlth-}
   (You bought it in a shop on level 4 of the Orcish Mines)

   [ring of see invisible]

   It affects your strength (+4).
   It affects your accuracy and damage with ranged weapons and melee attacks
   (+3).
   It renders you almost immune to negative energy.
   It lets you see invisible.
   It makes you less stealthy.
 P - a +5 ring of protection (left hand)
Scrolls
 a - 11 scrolls of remove curse
 i - 4 scrolls of identify
 j - 5 scrolls of teleportation
 k - 2 scrolls of fog
 F - a scroll of silence
 G - 2 scrolls of fear
 H - 2 scrolls of recharging
Potions
 f - 5 potions of cancellation
 g - 2 potions of curing
 h - 4 potions of resistance
 r - 2 potions of agility
 v - 5 potions of flight
 w - a potion of magic
 D - 3 potions of berserk rage
 M - a potion of heal wounds
 S - 2 potions of haste
Miscellaneous
 O - a stone of tremors
Comestibles
 b - 4 chunks of flesh
 d - a beef jerky
 e - 13 bread rations
 n - 11 slices of pizza
 q - 6 meat rations
 E - 11 fruits


   Skills:
 + Level 14.1 Fighting
 + Level 4.1(12.2) Axes
 + Level 17.2(17.4) Maces & Flails
 + Level 13.1 Armour
 + Level 9.5 Dodging
 + Level 1.9 Stealth
 + Level 21.3 Shields
 + Level 1.6 Invocations
 + Level 1.0 Evocations


You had 15 spell levels left.
You didn't know any spells.

Dungeon Overview and Level Annotations

Branches:
Dungeon (13/15)            Temple (1/1) D:5            Lair (8/8) D:9
 Shoals (0/4) Lair:6        Snake (0/4) Lair:4        Slime (0/6) Lair:6
    Orc (4/4) D:10            Elf (2/3) Orc:3        Vaults (0/5) D:13

Altars:
Elyvilon
Fedhas
Kikubaaqudgha
Makhleb
Okawaru
Qazlal
Ru
Sif Muna
Trog
Vehumet
Xom
Beogh
Jiyva

Shops:
Orc:2 ?   Orc:3 *   Orc:4 =[*(


Innate Abilities, Weirdness & Mutations

You reflexively headbutt those who attack you in melee.
You have a pair of horns on your head.


Message History

Two crawling corpses merge to form a small abomination.
The lajatang of venom misses you.
The deep elf priest mumbles some strange prayers to its god against you.
Something smites you!
* * * LOW HITPOINT WARNING * * *
The war axe of chopping is engulfed in roaring flames.
A crawling corpse suddenly disappears!
You closely miss the lajatang of venom.
Your headbutt misses the lajatang of venom.
The lajatang of venom is moderately damaged.
You feel less invigorated.
You feel less confused.
You feel sick.
You block the lajatang of venom's attack.
You block the lajatang of venom's attack.
The war axe of chopping hits you.
* * * LOW HITPOINT WARNING * * *
x2 You block the war axe of chopping's attack.
The lajatang of venom hits you!
You die...

#### ###...
################
###.....
...............###
#...)...
.............§...#
#.......
..............@e§##
#.......
...........##§((§.#
#.......
#......§#####.e.§#
#....... ##.....##
##ee.# #.......
#.......#####.))##
#.......
...........##.X.##
###.....
...............)##
###...
...............).##
####
..................#


You could see 3 deep elf priests, a deep elf mage and 2 dancing weapons.

Vanquished Creatures
  A deep elf blademaster (Elf:1)
  A deep elf master archer (Elf:2)
  Gastronok (Lair:1)
  Kirke (Lair:8)
  2 deep elf sorcerers
  Aizul (Elf:1)
  An orc warlord (Orc:4)
  A stone giant (Orc:4)
  A large abomination (Elf:1)
  5 deep elf demonologists (Elf:2)
  A deep elf annihilator (Elf:2)
  Snorg (Lair:6)
  3 deep elf death magi
  A vault guard (D:13)
  Josephine (Lair:8)
  A deep elf high priest (Elf:2)
  A catoblepas (Lair:8)
  9 hydras
  Erica (D:11)
  5 centaur warriors
  11 dancing weapons (Elf:2)
  A deep troll shaman (Lair:8)
  11 death yaks
  A tengu warrior (D:13)
  An orc high priest (Orc:2)
  A shadow wraith (D:13)
  Sonja (D:13)
  Nergalle (D:9)
  3 small abominations
  2 unseen horrors
  14 deep elf knights
  8 deep elf summoners
  8 hill giants
  5 orc knights
  5 orc sorcerers
  10 deep elf conjurers
  3 griffons
  4 ugly things
  6 slime creatures
  4 cyclopes
  5 black mambas
  29 elephants
  Maurice (Orc:1)
  2 centaur skeletons (D:11)
  10 spiny frogs
  2 gargoyles
  3 kobold demonologists
  A molten gargoyle (Lair:1)
  2 fire drakes
  9 komodo dragons
  A tengu conjurer (D:13)
  8 deep elf priests
  3 blink frogs (Lair:3)
  A queen bee (shapeshifter) (D:13)
  2 polar bears (Lair:8)
  Grinder (D:5)
  Prince Ribbit (D:5)
  3 trolls
  A trapdoor spider zombie (D:9)
  A two-headed ogre (D:13)
  A trapdoor spider (shapeshifter) (Elf:2)
  Sigmund (D:5)
  21 deep elf magi
  5 hogs (Lair:8)
  3 wyverns
  8 wolves
  Eustachio (D:4)
  2 basilisks (Lair:3)
  A human (D:7)
  10 hippogriffs
  17 deep elf fighters
  35 yaks
  A steam dragon (Lair:4)
  4 wraiths (Lair:8)
  A mottled dragon (D:12)
  8 nagas (Lair:4)
  3 hungry ghosts
  4 water moccasins
  6 wargs
  Edmund (D:6)
  A soldier ant (D:12)
  A spider (shapeshifter) (Elf:2)
  Duvessa (D:5)
  5 phantoms
  3 ice beasts
  A necrophage (D:11)
  3 sky beasts
  12 porcupines
  31 orc warriors
  4 black bears
  An eye of draining (D:11)
  8 crocodiles
  14 ogres
  13 centaurs
  Blork the orc (D:5)
  A brain worm (Lair:7)
  Dowan (D:5)
  17 giant frogs
  9 scorpions
  13 killer bees
  A wyvern skeleton (D:9)
  A vampire bat (Orc:4)
  4 electric eels
  4 wights (D:12)
  3 jellies
  A giant frog zombie (D:8)
  2 centaur zombies
  8 crimson imps
  9 hounds
  Crazy Yiuf (D:5)
  21 orc priests
  33 orc wizards
  6 worker ants
  10 iguanas
  24 sheep
  A hound skeleton (D:8)
  A gnoll (D:9)
  10 adders
  40 river rats
  3 adder skeletons
  A worm (D:4)
  192 orcs
  22 bats
  A bat skeleton (D:5)
  4 giant cockroaches
  17 hobgoblins
  9 jackals
  10 kobolds
  3 quokkas
  6 giant geckos
  7 giant newts
  28 goblins
  3 jackal skeletons
  A quokka skeleton (D:5)
  A quokka zombie (D:9)
  13 rats
  A bush (Lair:8)
  105 fungi
  50 plants
1155 creatures vanquished.

Vanquished Creatures (others)
  A deep elf high priest (Elf:2)
  A deep elf knight (Elf:2)
  A sheep (Lair:5)
  An orc (Orc:4)
  28 fungi
  14 plants
46 creatures vanquished.

Grand Total: 1201 creatures vanquished

Notes
Turn   | Place    | Note
--------------------------------------------------------------
     0 | D:1      | karlkraus the Minotaur Fighter began the quest for the Orb.
     0 | D:1      | Reached XP level 1. HP: 19/19 MP: 0/0
   175 | D:1      | Reached XP level 2. HP: 27/27 MP: 1/1
   187 | D:1      | Reached skill level 4 in Fighting
   447 | D:1      | Reached XP level 3. HP: 33/33 MP: 2/2
  1325 | D:3      | Reached skill level 1 in Dodging
  1388 | D:3      | Found a deep blue altar of Sif Muna.
  1436 | D:3      | Reached XP level 4. HP: 41/41 MP: 3/3
  1668 | D:3      | Reached XP level 5. HP: 28/47 MP: 4/4
  2172 | D:4      | Noticed an ogre
  2177 | D:4      | Killed an ogre
  2177 | D:4      | Reached skill level 5 in Shields
  2177 | D:4      | Reached XP level 6. HP: 27/53 MP: 5/5
  2316 | D:4      | Noticed a phantom
  2334 | D:4      | Killed a phantom
  2334 | D:4      | Reached skill level 5 in Armour
  2372 | D:4      | Noticed Eustachio
  2410 | D:4      | Killed Eustachio
  2410 | D:4      | Reached skill level 5 in Fighting
  2410 | D:4      | Reached skill level 6 in Shields
  2410 | D:4      | Reached XP level 7. HP: 31/61 MP: 6/6
  2558 | D:4      | Reached skill level 1 in Maces & Flails
  2747 | D:5      | Entered Level 5 of the Dungeon
  2798 | D:5      | Noticed Prince Ribbit
  2819 | D:5      | HP: 4/91 [poisoned by a worker ant]
  2820 | D:5      | Killed Prince Ribbit
  2968 | D:5      | Noticed Blork the orc
  2983 | D:5      | Reached XP level 8. HP: 27/69 MP: 7/7
  3000 | D:5      | Killed Blork the orc
  3397 | D:5      | Noticed Sigmund
  3412 | D:5      | Killed Sigmund
  3412 | D:5      | Reached skill level 7 in Shields
  3461 | D:5      | Noticed Duvessa
  3467 | D:5      | Killed Duvessa
  3468 | D:5      | Noticed Dowan
  3483 | D:5      | Killed Dowan
  3556 | D:5      | Noticed Grinder
  3560 | D:5      | Paralysed by Grinder for 7 turns
  3570 | D:5      | Killed Grinder
  3611 | D:5      | Found a staircase to the Ecumenical Temple.
  3617 | Temple   | Entered the Ecumenical Temple
  3630 | Temple   | Became a worshipper of Qazlal Stormbringer
  3768 | D:5      | Noticed Crazy Yiuf
  3772 | D:5      | Killed Crazy Yiuf
  3772 | D:5      | Reached skill level 8 in Shields
  3915 | D:6      | Noticed Edmund
  3946 | D:6      | Killed Edmund
  3946 | D:6      | Reached skill level 5 in Dodging
  3946 | D:6      | Reached XP level 9. HP: 78/78 MP: 8/8
  4143 | D:6      | Reached skill level 5 in Maces & Flails
  4344 | D:7      | Found a white marble altar of Elyvilon.
  4470 | D:7      | Reached skill level 9 in Shields
  4685 | D:7      | Acquired Qazlal's first power
  5019 | D:8      | Found a radiant altar of Vehumet.
  5426 | D:8      | Reached skill level 10 in Shields
  5605 | D:9      | Reached XP level 10. HP: 65/86 MP: 9/9
  5750 | D:9      | Acquired Qazlal's second power
  5756 | D:9      | Reached skill level 1 in Stealth
  5762 | D:9      | Reached skill level 11 in Shields
  6072 | D:9      | Found a staircase to the Lair.
  6317 | D:10     | Entered Level 10 of the Dungeon
  6318 | D:10     | Noticed Nergalle
  6325 | D:9      | Acquired Qazlal's third power
  6945 | D:10     | Reached skill level 1 in Evocations
  6987 | D:10     | Found a blossoming altar of Fedhas.
  6991 | D:10     | Reached XP level 11. HP: 95/95 MP: 10/10
  7221 | D:10     | Reached skill level 12 in Shields
  7250 | D:10     | Noticed an orc knight
  7283 | D:10     | Killed an orc knight
  7297 | D:10     | Noticed a hill giant
  7323 | D:10     | Killed a hill giant
  7465 | D:10     | Found a staircase to the Orcish Mines.
  7466 | D:10     | Found a roughly hewn altar of Beogh.
  7584 | D:10     | Acquired Qazlal's fourth power
  7599 | D:10     | Noticed a hill giant
  7606 | D:10     | Killed a hill giant
  7932 | Orc:1    | Entered Level 1 of the Orcish Mines
  7935 | Orc:1    | Noticed Maurice
  7942 | Orc:1    | Killed Maurice
  8002 | Orc:1    | Reached skill level 13 in Shields
  8192 | Orc:1    | Found a roughly hewn altar of Beogh.
  8302 | Orc:2    | Found a roughly hewn altar of Beogh.
  8313 | Orc:2    | Acquired Qazlal's fifth power
  8431 | Orc:2    | Noticed a soul eater
  8500 | Orc:2    | Found a roughly hewn altar of Beogh.
  8593 | Orc:2    | Reached skill level 10 in Maces & Flails
  8886 | Orc:2    | Found Lisulumui's Magic Scroll Boutique.
  8896 | Orc:2    | Bought a scroll of identify for 22 gold pieces
  8896 | Orc:2    | Bought a scroll of remove curse for 33 gold pieces
  8896 | Orc:2    | Bought a scroll of acquirement for 572 gold pieces
  8896 | Orc:2    | Bought a scroll of enchant armour for 82 gold pieces
  8896 | Orc:2    | Bought a scroll of holy word for 82 gold pieces
  8896 | Orc:2    | Bought a scroll of identify for 22 gold pieces
  8896 | Orc:2    | Bought a scroll of identify for 22 gold pieces
  8897 | Orc:2    | Got a shimmering plate armour
  8908 | Orc:2    | Identified the +14 plate armour of the Last Curses {Int+2} (You acquired it on level 2 of the Orcish Mines)
  9126 | Lair:1   | Entered Level 1 of the Lair of Beasts
  9218 | Lair:1   | Noticed a six-headed hydra
  9227 | Lair:1   | Killed a six-headed hydra
  9230 | Lair:1   | Reached XP level 12. HP: 100/106 MP: 11/11
  9356 | Lair:1   | Noticed Gastronok
  9374 | Lair:1   | Killed Gastronok
  9374 | Lair:1   | Reached skill level 10 in Fighting
  9374 | Lair:1   | Reached skill level 14 in Shields
  9952 | D:9      | Killed Nergalle
 10025 | D:11     | Reached skill level 10 in Armour
 10084 | D:11     | Gained mutation: You are weak. (Str -2) [mutagenic meat]
 10085 | D:11     | Gained mutation: Your spells are a little harder to cast, but a little more powerful. [mutagenic meat]
 10086 | D:11     | Gained mutation: You have an increased reservoir of magic (+10% MP). [mutagenic meat]
 10087 | D:11     | Gained mutation: You are resistant to hostile enchantments. [mutagenic meat]
 10088 | D:11     | Gained mutation: You are dopey. (Int -2) [mutagenic meat]
 10089 | D:11     | Lost mutation: Your spells are a little harder to cast, but a little more powerful. [mutagenic meat]
 10091 | D:11     | Gained mutation: Your body sometimes deteriorates upon taking damage. [mutagenic meat]
 10094 | D:11     | Noticed Erica
 10116 | D:11     | Killed Erica
 10165 | D:11     | Lost mutation: Your body sometimes deteriorates upon taking damage. [mutagenic meat]
 10167 | D:11     | Gained mutation: Your spells are a little harder to cast, but a little more powerful. [mutagenic meat]
 11099 | Orc:3    | Reached skill level 15 in Shields
 11142 | Orc:3    | Found Catefiwa's Assorted Antiques.
 11166 | Orc:3    | Found a staircase to the Elven Halls.
 11362 | Orc:4    | Entered Level 4 of the Orcish Mines
 11362 | Orc:4    | Noticed a stone giant
 11391 | Orc:4    | Killed a stone giant
 11424 | Orc:3    | Reached XP level 13. HP: 64/116 MP: 14/14
 11760 | Orc:4    | Noticed an orc warlord
 11764 | Orc:4    | Found a roughly hewn altar of Beogh.
 11773 | Orc:4    | Killed an orc warlord
 11867 | Orc:4    | Found Guargh's General Store.
 11888 | Orc:4    | Reached skill level 16 in Shields
 11936 | Orc:4    | Found Urhyty's Antique Armour Shop.
 11966 | Orc:4    | Found Siaff's Jewellery Shoppe.
 12234 | Orc:4    | Found Ykoiteigg's Antique Weapon Emporium.
 13642 | Orc:4    | Bought the ring of Qorhal {rN+++ Str+4 Slay+3 SInv Stlth-} for 1064 gold pieces
 13648 | Orc:4    | Gained mutation: You can spit weak poison. [potion of mutation]
 13648 | Orc:4    | Lost mutation: You can spit weak poison. [potion of mutation]
 13739 | Elf:1    | Entered Level 1 of the Elven Halls
 13760 | Elf:1    | Found a radiant altar of Vehumet.
 14246 | Elf:1    | Noticed a deep elf sorcerer
 14254 | Elf:1    | Killed a deep elf sorcerer
 14696 | Elf:1    | Noticed Aizul
 14718 | Elf:1    | Killed Aizul
 14721 | Elf:1    | Reached skill level 17 in Shields
 14729 | Elf:1    | Gained mutation: Your natural rate of healing is unusually fast. [mutagenic meat]
 14730 | Elf:1    | Gained mutation: You possess an exceptional clarity of mind. [mutagenic meat]
 14784 | Elf:1    | Reached XP level 14. HP: 96/125 MP: 15/15
 15827 | D:12     | Found a bloodstained altar of Trog.
 16129 | D:13     | Found a shimmering altar of Xom.
 16211 | D:13     | Gained mutation: You are agile. (Dex +2) [mutagenic meat]
 16212 | D:13     | Lost mutation: Your spells are a little harder to cast, but a little more powerful. [mutagenic meat]
 16305 | D:13     | Noticed Sonja
 16315 | D:13     | Killed Sonja
 16651 | D:13     | Reached skill level 18 in Shields
 17350 | D:13     | Found a gate to the Vaults.
 18262 | Lair:3   | Reached skill level 15 in Maces & Flails
 18615 | Lair:4   | Found a staircase to the Snake Pit.
 19073 | Lair:5   | Reached XP level 15. HP: 103/134 MP: 16/16
 19531 | Lair:5   | Reached skill level 19 in Shields
 19891 | Lair:6   | Found a staircase to the Shoals.
 19976 | Lair:6   | Gained mutation: You are very weak. (Str -4) [potion of mutation]
 19976 | Lair:6   | Gained mutation: Your flesh is heat resistant. [potion of mutation]
 19977 | Lair:6   | Lost mutation: You have an increased reservoir of magic (+10% MP). [potion of mutation]
 19991 | Lair:6   | Noticed Snorg
 20005 | Lair:6   | Killed Snorg
 20160 | Lair:6   | Found a labyrinth entrance.
 20233 | Lair:6   | Found a viscous altar of Jiyva.
 20234 | Lair:6   | Found a staircase to the Slime Pits.
 22096 | Lair:8   | Entered Level 8 of the Lair of Beasts
 22156 | Lair:8   | Noticed Kirke
 22168 | Lair:8   | Killed Kirke
 22668 | Lair:8   | Noticed Josephine
 22675 | Lair:8   | Killed Josephine
 22870 | Lair:8   | Reached skill level 20 in Shields
 23060 | Lair:8   | Lost mutation: You are dopey. (Int -2) [potion of cure mutation]
 23060 | Lair:8   | Lost mutation: You possess an exceptional clarity of mind. [potion of cure mutation]
 23060 | Lair:8   | Lost mutation: Your natural rate of healing is unusually fast. [potion of cure mutation]
 23060 | Lair:8   | Lost mutation: Your flesh is heat resistant. [potion of cure mutation]
 23060 | Lair:8   | Lost mutation: You are agile. (Dex +2) [potion of cure mutation]
 23060 | Lair:8   | Lost mutation: You are resistant to hostile enchantments. [potion of cure mutation]
 23061 | Lair:8   | Lost mutation: You are very weak. (Str -4) [potion of cure mutation]
 23061 | Lair:8   | Lost mutation: You are weak. (Str -2) [potion of cure mutation]
 23182 | Lair:6   | Reached XP level 16. HP: 145/145 MP: 15/15
 23601 | Elf:2    | Found a huge runed gate.
 23603 | Elf:2    | Found a huge runed gate.
 23607 | Elf:2    | Found a huge runed gate.
 23610 | Elf:2    | Found a huge runed gate.
 23611 | Elf:2    | Found a huge runed gate.
 23613 | Elf:2    | Found a huge runed gate.
 23753 | Elf:2    | Found a huge runed gate.
 23753 | Elf:2    | Found a huge runed gate.
 23754 | Elf:2    | Found a huge runed gate.
 23769 | Elf:2    | Found a huge runed gate.
 23769 | Elf:2    | Found a huge runed gate.
 23769 | Elf:2    | Found a huge runed gate.
 23769 | Elf:2    | Found a huge runed gate.
 23802 | Elf:2    | Found a runed gate.
 23802 | Elf:2    | Found a runed gate.
 23810 | Elf:2    | Found a runed gate.
 24013 | Elf:2    | Found a huge runed gate.
 24013 | Elf:2    | Found a huge runed gate.
 24013 | Elf:2    | Found a huge runed gate.
 24013 | Elf:2    | Found a huge runed gate.
 24013 | Elf:2    | Found a huge runed gate.
 24014 | Elf:2    | Found a huge runed gate.
 24019 | Elf:2    | Noticed a deep elf blademaster
 24020 | Elf:2    | Noticed a deep elf master archer
 24020 | Elf:2    | Noticed a deep elf sorcerer
 24021 | Elf:2    | Noticed a Shadow Fiend
 24024 | Elf:2    | Noticed an Executioner
 24047 | Elf:1    | Killed a deep elf blademaster
 24312 | Elf:2    | Killed a deep elf sorcerer
 24350 | Elf:2    | Noticed an Ice Fiend
 24351 | Elf:2    | Noticed a Hell Sentinel
 24414 | Elf:2    | Noticed a Shadow Fiend
 24422 | Elf:2    | Noticed an Ice Fiend
 24530 | Elf:1    | Reached skill level 1 in Invocations
 24774 | Elf:2    | Noticed an Executioner
 24783 | Elf:2    | Noticed a Shadow Fiend
 24784 | Elf:2    | Killed a deep elf master archer
 24814 | Elf:1    | Reached skill level 21 in Shields
 25424 | Elf:2    | HP: 7/146 [deep elf priest/divine providence (11)]
 25427 | Elf:2    | Slain by a lajatang of venom

Vault maps used:
D:1:      dpeg_arrival_three_same_balls
D:3:      kennysheep_big_flooded_room, lemuel_round_altar
D:4:      first_bread, uniq_eustachio
D:5:      minmay_temple_entry_glassed_door, uniq_crazy_yiuf_cottage,
          uniq_grinder, uniq_sigmund, uniq_duvessa, uniq_blork_the_orc,
          uniq_prince_ribbit1
D:6:      guppyfry_early_elven_hall, uniq_edmund
D:7:      grunt_livestock, elyvilon_altar_5
D:8:      basic_altar, roderic_lattice_a, serial_bayou_pond_e
D:9:      forest_paths, dpeg_lair_monsters
D:10:     david_orc_5, fedhas_altar_3, uniq_nergalle
D:11:     uniq_erica
D:12:     basic_altar, minmay_misc_feat_diagonals, small_chamber_with_monster
D:13:     david_vaults_4, basic_altar, uniq_sonja
Temple:   grunt_circular_temple_18
Lair:1:   guppyfry_lair_drakes, uniq_gastronok
Lair:2:   kennysheep_rathole
Lair:4:   minmay_snake_entry_guardpost_medium, st_stairs_5, grunt_megastairs_4
Lair:5:   infiniplex_staircase_pool
Lair:6:   shoals_dummy_entry, dpeg_slime_entry_enclosed_altar,
          lab_entry_generic, serial_bayou_pond_e, st_stairs_8,
          serial_bayou_shore_b, infiniplex_staircase_pool_2, uniq_snorg
Lair:7:   serial_bayou_pond_b
Lair:8:   grunt_lair_end_beastmaster, grunt_megastairs_3, lemuel_fruit_tree,
          lemuel_fruit_fields, serial_bayou_shore_b, uniq_josephine, uniq_kirke
Orc:1:    basic_altar, uniq_maurice
Orc:2:    serial_shops, nicolae_shop_statue_plus, hangedman_feature_mirror
Orc:3:    serial_shops, shop, nicolae_orc_pool_cavern
Orc:4:    grunt_orc_gardens, grunt_orc_garden, grunt_orc_garden,
          grunt_orc_garden, grunt_orc_garden, roderic_batcave, mines1_david
Elf:1:    eino_elf_arrival_altar, minmay_elf_crystal_hexagon, uniq_aizul
Elf:2:    door_vault

Action                   |  1- 3 |  4- 6 |  7- 9 | 10-12 | 13-15 | 16-18 || total
-------------------------+-------+-------+-------+-------+-------+-------++-------
Melee: War axe           |   108 |    85 |       |       |       |       ||   193
       Flail             |       |    37 |   252 |   941 |  1371 |   303 ||  2904
       Mace              |       |       |    87 |       |       |       ||    87
Invok: Disaster Area     |       |       |       |       |       |     2 ||     2
       Elemental Force   |       |       |       |       |       |     1 ||     1
Evoke: Wand              |       |       |       |     2 |     1 |       ||     3
  Use: Scroll            |     1 |     7 |    16 |    13 |    17 |     3 ||    57
       Potion            |       |     2 |     8 |       |     7 |     7 ||    24
 Stab: Confused          |       |       |       |     1 |       |       ||     1
       Distracted        |       |       |       |       |     1 |       ||     1
  Eat: Chunk             |     2 |     3 |    10 |    26 |    33 |     4 ||    78
       Beef jerky        |       |       |       |     3 |     3 |       ||     6
       Meat ration       |       |       |       |       |     1 |       ||     1
       Fruit             |       |       |       |       |     1 |     3 ||     4
       Royal jelly       |       |       |       |       |       |     1 ||     1
